 Dungeon Crawl Stone Soup version 0.21-a0-264-g3e31e41 (webtiles) character file.

282 Blomdor the Skirmisher (level 6, -1/52 HPs)
             Began as a Barachi Wizard on Sept 9, 2017.
             Slain by an orc
             ... wielding a cursed -1 trident
              (6 damage)
             ... on level 3 of the Dungeon.
             The game lasted 00:05:25 (2950 turns).

Blomdor the Skirmisher (Barachi Wizard)             Turns: 2950, Time: 00:05:26

Health: -1/52      AC:  5    Str: 14 (15) XL:     6   Next: 28%
Magic:  10/10      EV: 12    Int: 18 (19) God:
Gold:   72         SH:  0    Dex:  7 (10) Spells: 4/11 levels left

rFire    . . .     SeeInvis .   u - +5 quarterstaff (chaos)
rCold    . . .     Gourm    .   (shield currently unavailable)
rNeg     . . .     Faith    .   a - +0 robe
rPois    .         Spirit   .   b - +0 hat
rElec    .         Reflect  .   v - +1 cloak
rCorr    .         Harm     .   p - +0 pair of gloves
MR       .....                  (no boots)
Stlth    +.........             (no amulet)
HPRegen  0.17/turn              (no ring)
MPRegen  0.12/turn              (no ring)

@: mighty, flying, slow
A: +LOS, swims, slowness 1, strong legs 1
a: Hop


You were on level 3 of the Dungeon.
You were very hungry.

You visited 1 branch of the dungeon, and saw 3 of its levels.

You collected 72 gold pieces.

Inventory:

Hand Weapons
 k - a +0 mace
 t - a +0 war axe
 u - a +5 quarterstaff of chaos (weapon)
 w - a +0 blowgun
Missiles
 x - 10 poisoned needles
Armour
 a - a +0 robe (worn)
 b - a +0 hat (worn)
 f - a +0 chain mail
 o - a +0 scale mail
 p - a +0 pair of gloves (worn)
 v - a +1 cloak (worn)
Wands
 h - a wand of random effects (17/48)
Scrolls
 e - 4 scrolls of remove curse
 i - a scroll of enchant armour
 j - 2 scrolls of teleportation
 m - a scroll of identify
 s - 2 scrolls of enchant weapon
Books
 c - a book of Minor Magic

   Spells                             Type                      Level
   a - Magic Dart                     Conjuration                  1
   b - Blink                          Translocation                2
   c - Call Imp                       Summoning                    2
   d - Slow                           Hexes                        2
   e - Conjure Flame                  Conjuration/Fire             3
   f - Mephitic Cloud                 Conjuration/Poison/Air       3
Comestibles
 d - 4 bread rations
 g - a royal jelly
 r - 8 fruits


   Skills:
 + Level 5.9 Fighting
 * Level 0.9 Axes
 - Level 3.5 Armour
 - Level 2.1 Dodging
 - Level 1.7 Stealth
 - Level 3.2 Spellcasting
 - Level 1.1 Conjurations
   Level 1.2 Summonings
   Level 1.1 Translocations


You had 4 spell levels left.
You knew the following spells:

 Your Spells              Type           Power        Failure   Level  Hunger
a - Magic Dart            Conj           #...         10%         1    None
b - Mephitic Cloud        Conj/Pois/Air  #.......     38%         3    ###....
c - Conjure Flame         Conj/Fire      #.......     36%         3    ###....


Dungeon Overview and Level Annotations

Branches:
Dungeon (3/15)

Altars:
Dithmenos
Elyvilon
Hepliaklqana
Sif Muna

Annotations:
D:3 2 transporters


Innate Abilities, Weirdness & Mutations

Shadows flee at your approach. (+LOS)
You can swim through water.
You cover ground slowly.
You can hop short distances.


Message History

You feel very mighty all of a sudden. The orc hits you with a hand axe.
* * * LOW HITPOINT WARNING * * *
An orc comes into view.
It was a potion of degeneration.
There was something very wrong with that liquid.
You feel weakened.
You feel dopey.
You feel clumsy.
The orc moves out of view.
You thump the orc!
You kill the orc!
The leopard gecko barely misses you.
You miss the leopard gecko.
The leopard gecko bites you but does no damage.
The orc misses you.
You completely miss the leopard gecko.
You are feeling very hungry.
The leopard gecko bites you.
* * * LOW HITPOINT WARNING * * *
The orc hits you from afar with a trident.
You die...

...... ...#.....#...#..
....... ................
.......#####.#.....#####.#
.......)..##.#.....## #.#
....................####.#
....#####g#...#.###.#.....
## #o#...#.# #.......
#l#...#.# ##......
#@#(..#.# #[)##..
#.##.##.## ##)##.#
..##.....# #..#.#
#..###....# ##.#.# #..#
#....# #...# #..#
###########..# ....
.............. ####
#........... #.........>.


You could see an orc, a leopard gecko and a hobgoblin.

Vanquished Creatures
  Crazy Yiuf (D:2)
  An orc wizard (D:3)
  2 orc priests (D:3)
  A worker ant (D:3)
  5 adders
  2 dart slugs
  A leopard gecko (D:1)
  9 orcs (D:3)
  5 giant cockroaches
  8 goblins
  6 hobgoblins
  8 kobolds
  3 quokkas
  A ball python (D:2)
  13 bats
  21 frilled lizards
  6 rats
93 creatures vanquished.

Notes
Turn   | Place    | Note
-------+----------+-------------------------------------------
     0 | D:1      | Blomdor the Barachi Wizard began the quest for the Orb.
     0 | D:1      | Reached XP level 1. HP: 13/13 MP: 4/4
    37 | D:1      | Reached skill level 1 in Fighting
   292 | D:1      | Reached XP level 2. HP: 22/22 MP: 0/6
   300 | D:1      | Reached skill level 2 in Fighting
   600 | D:1      | Reached skill level 3 in Fighting
   604 | D:1      | Reached XP level 3. HP: 29/29 MP: 7/7
   612 | D:1      | Learned a level 3 spell: Mephitic Cloud
   616 | D:1      | Learned a level 3 spell: Conjure Flame
  1591 | D:2      | Reached skill level 4 in Fighting
  1683 | D:2      | Found a deep blue altar of Sif Muna.
  1764 | D:2      | Reached XP level 4. HP: 34/37 MP: 8/8
  1797 | D:2      | Found a hazy altar of Hepliaklqana.
  1911 | D:2      | Found a shadowy altar of Dithmenos.
  2032 | D:2      | Found a runed door.
  2309 | D:2      | Noticed Crazy Yiuf
  2320 | D:2      | Killed Crazy Yiuf
  2320 | D:2      | Reached skill level 5 in Fighting
  2320 | D:2      | Reached skill level 1 in Armour
  2355 | D:3      | Reached XP level 5. HP: 39/44 MP: 9/9
  2677 | D:3      | Reached XP level 6. HP: 39/52 MP: 10/10
  2839 | D:3      | Noticed a water moccasin
  2840 | D:3      | Noticed a two-headed ogre
  2841 | D:3      | Found a white marble altar of Elyvilon.
  2841 | D:3      | Noticed an ice beast
  2851 | D:3      | Found a transporter.
  2858 | D:3      | Found a transporter.
  2950 | D:3      | Slain by an orc

Vault maps used:
D:1:      lemuel_arrival_tunnels, minmay_lizard_king
D:2:      lemuel_blue_sif_altar, old_standard_altar, grunt_dithmenos_smoke,
          uniq_crazy_yiuf_cottage
D:3:      gammafunk_temple_overflow_arena, gammafunk_temple_overflow_statue,
          minmay_bisected

Skill      XL: |  1  2  3  4  5 |
---------------+----------------+-----
Fighting       | 1 3 4 5 |  5.9
Armour         | 1 3 |  3.5
Axes           | |  0.9
Dodging        | |  2.1
Stealth        | |  1.7
Spellcasting   | |  3.2
Conjurations   | |  1.1
Summonings     | |  1.2
Translocations | |  1.1

Action                   |  1- 3 |  4- 6 || total
-------------------------+-------+-------++-------
Melee: Unarmed           |    35 |       ||    35
       Short sword       |    29 |       ||    29
       Dagger            |     1 |       ||     1
       Mace              |    93 |    62 ||   155
       Quarterstaff      |       |    60 ||    60
 Cast: Magic Dart        |    19 |       ||    19
       Mephitic Cloud    |       |     1 ||     1
  Use: Potion            |     1 |     3 ||     4
       Scroll            |     4 |     2 ||     6
 Stab: Sleeping          |     3 |     2 ||     5
       Confused          |       |     1 ||     1
  Eat: Chunk             |     3 |     4 ||     7
Armor: Robe              |    38 |    71 ||   109
Dodge: Dodged            |   151 |   130 ||   281

Table legend:
 A = Spawn XP
 B = Non-spawn XP
 C = Spawn XP percentage of total XP
 D = Spawn monster count
 E = Non-spawn monster count
 F = Spawn count percentage of total count
 G = Total turns spent on level
                    A         B        C        D         E        F      G
               +---------+---------+-------+---------+---------+-------+---------
         Total |       0 |     404 |   0.0 |       0 |      93 |   0.0 |  2950
               +---------+---------+-------+---------+---------+-------+---------
           D:1 |       0 |      64 |   0.0 |       0 |      45 |   0.0 |  1587
           D:2 |       0 |     100 |   0.0 |       0 |      21 |   0.0 |   762
           D:3 |       0 |     240 |   0.0 |       0 |      27 |   0.0 |   601
               +---------+---------+-------+---------+---------+-------+---------
